Los Angeles Kings vs Quebec Nordiques
Created - Wednesday, May 21, 2025 at 09:01
Goals
|
| Los Angeles Kings |
2 |
2 |
0 |
4 |
| Quebec Nordiques |
0 |
1 |
1 |
2 |
|
Shots
|
| Los Angeles Kings |
7 |
15 |
12 |
34 |
| Quebec Nordiques |
7 |
10 |
11 |
28 |
|
1st period
1. Los Angeles Kings , Andrei Svechnikov 31 (Adam Fantilli 31) at 14:45
2. Los Angeles Kings , Seth Jarvis 34 (Matthew Boldy 45, Logan Cooley 35) at 18:45
Penalties :
Blake Wheeler (LAK) for Holding (Minor) at 2:58
2nd period
3. Los Angeles Kings , Michael Milne 8 (Andrei Svechnikov 40, Adam Fantilli 32) at 3:21
4. Quebec Nordiques , Shane Pinto 24 (Nikolaj Ehlers 22, Cole Perfetti 28) at 9:15 (PP)
5. Los Angeles Kings , Seth Jarvis 35 (Andrei Kuzmenko 19, Logan Cooley 36) at 13:44 (PP)
Penalties :
Adam Fantilli (LAK) for Cross-checking (Minor) at 9:02, Alexandre Carrier (QUE) for Tripping (Minor) at 13:30, Michael McCarron (QUE) for Slashing (Minor) at 18:39
3rd period
6. Quebec Nordiques , Luke Kunin 10 (J.J. Moser 25) at 11:41
Penalties :
Matt Duchene (QUE) for Cross-checking (Minor) at 5:14, Michael Eyssimont (LAK) for Delaying the game (Minor) at 7:56, Sampo Ranta (LAK) for Holding (Minor) at 13:56
Goalie Stats
Andrei Vasilevskiy (LAK), 26 saves from 28 shots - (0.929), W, 17-26-9, 60:00 minutes
Joseph Woll (QUE), 30 saves from 34 shots - (0.882), L, 28-19-6, 60:00 minutes
Players Stats for Los Angeles Kings
Player Name G A P +/- PIM S H SB GA TA FO MP PP MP PK MP
------------------------------------------------------------------------------------
Adam Fantilli 0 2 2 1 2 4 3 1 1 0 11/19 16:41 2:12 0:00
Alexander Alexeyev 0 0 0 0 0 2 0 1 0 0 0/0 15:13 0:00 0:00
Alexander Romanov 0 0 0 0 0 1 2 0 0 1 0/0 15:13 0:00 0:00
Andrei Kuzmenko 0 1 1 0 0 6 0 0 1 1 0/1 16:49 2:00 2:57
Andrei Svechnikov 1 1 2 1 0 3 0 0 0 0 0/2 19:10 2:12 2:57
Blake Wheeler 0 0 0 -1 2 1 1 0 1 0 1/4 10:25 0:00 1:55
K'Andre Miller 0 0 0 2 0 2 4 1 0 0 0/0 22:28 2:25 2:49
Logan Cooley 0 2 2 2 0 3 1 0 0 0 9/19 17:20 2:00 0:12
MacKenzie Weegar 0 0 0 0 0 1 3 3 1 2 0/0 22:19 1:47 3:21
Matthew Boldy 0 1 1 2 0 3 0 0 2 0 0/0 18:35 2:12 1:11
Michael Eyssimont 0 0 0 0 2 1 3 1 0 0 2/7 11:45 0:00 0:00
Michael Milne 1 0 1 1 0 1 4 0 1 1 0/0 14:25 0:00 0:07
Noah Dobson 0 0 0 0 0 2 0 2 0 1 0/0 22:19 1:47 3:21
Owen Power 0 0 0 2 0 0 2 2 0 1 0/0 22:28 2:25 2:49
Sampo Ranta 0 0 0 -1 2 0 0 0 0 0 0/0 8:00 0:00 0:00
Seth Jarvis 2 0 2 2 0 4 3 1 1 0 4/7 19:48 2:00 3:01
Trent Frederic 0 0 0 -1 0 0 0 0 0 1 0/0 9:25 0:00 0:00
Vitali Kravtsov 0 0 0 0 0 0 0 0 0 0 0/0 11:23 0:00 0:00
Players Stats for Quebec Nordiques
Player Name G A P +/- PIM S H SB GA TA FO MP PP MP PK MP
------------------------------------------------------------------------------------
Alex DeBrincat 0 0 0 -2 0 3 0 0 0 0 0/0 16:45 3:13 0:00
Alexandre Carrier 0 0 0 0 2 1 2 1 0 0 0/0 18:20 3:12 2:10
Anthony Mantha 0 0 0 -1 0 2 3 0 0 1 1/1 14:36 0:00 0:00
Brock Faber 0 0 0 -2 0 2 0 2 0 2 0/0 26:57 2:58 2:24
Cole Perfetti 0 1 1 0 0 2 1 0 1 0 1/2 14:09 2:57 0:00
J.J. Moser 0 1 1 0 0 1 1 1 1 0 0/0 25:43 2:58 1:48
Jonas Siegenthaler 0 0 0 0 0 0 2 0 0 0 0/0 13:16 0:00 0:00
Jonatan Berggren 0 0 0 0 0 0 1 0 1 0 1/2 11:55 0:00 0:00
Jordan Greenway 0 0 0 1 0 0 1 1 0 0 0/1 12:35 0:00 2:16
Luke Kunin 1 0 1 1 0 2 1 0 1 0 0/0 11:26 0:00 1:56
Marco Rossi 0 0 0 0 0 1 0 0 1 0 3/6 12:12 0:00 0:00
Mark Giordano 0 0 0 -2 0 0 0 2 0 1 0/0 18:44 3:12 0:14
Matt Duchene 0 0 0 -1 2 1 1 0 0 0 9/17 18:47 3:13 0:57
Michael Anderson 0 0 0 0 0 1 2 1 0 2 0/0 16:59 0:00 1:48
Michael McCarron 0 0 0 1 2 1 0 1 0 0 3/5 10:36 0:00 1:07
Nikolaj Ehlers 0 1 1 -2 0 5 1 0 2 1 0/1 16:21 2:57 0:00
Rickard Rakell 0 0 0 -1 0 4 0 0 1 1 0/0 17:37 3:13 0:00
Shane Pinto 1 0 1 -2 0 2 0 0 0 0 14/24 18:47 2:57 2:08
3 Stars
1 - Seth Jarvis (LAK)
2 - Andrei Svechnikov (LAK)
3 - Michael Milne (LAK)
Power Play
Los Angeles Kings - 1 on 3 Attempt(s) - 33.33%
Quebec Nordiques - 1 on 4 Attempt(s) - 25.00%
Penalty Kill
Los Angeles Kings - 3 on 4 Attempt(s) - 75.00%
- Score 0 goal in Penalty Kill
Quebec Nordiques - 2 on 3 Attempt(s) - 66.67%
- Score 0 goal in Penalty Kill
Team Stat
Los Angeles Kings - Hits : 26 - Faceoff Wins : 27 - Blocked Shots : 12 - Penalty Minutes : 8
Quebec Nordiques - Hits : 16 - Faceoff Wins : 32 - Blocked Shots : 9 - Penalty Minutes : 6
Official
Referees : Furman South and Brandon Schrader
Linesman : Mitchell Hunt and Jonny Murray
Game Notes
No Game Note
Finance
Level 1 -- Attendance: 4425 (73.75%) -- Ticket Income $442,500
Level 2 -- Attendance: 3675 (73.50%) -- Ticket Income $220,500
Level 3 -- Attendance: 2358 (78.60%) -- Ticket Income $82,530
Level 4 -- Attendance: 3585 (71.70%) -- Ticket Income $89,625
Luxury Box -- Attendance: 762 (76.20%) -- Ticket Income $152,400
Game was played at the Centre Videotron.
Total Attendance: 14805 (74.03%)
Total Ticket Income: $987,555
Other Income: $345,644
Total Income: $1,333,199
Los Angeles Kings
5 vs 5 Forward
Center Left Wing Right Wing Time % Phy DF OF
1 Logan Cooley Matthew Boldy Seth Jarvis 30 1 2 2
2 Adam Fantilli Michael Milne Andrei Svechnikov 30 1 2 2
3 Michael Eyssimont Vitali Kravtsov Andrei Kuzmenko 25 1 2 2
4 Blake Wheeler Sampo Ranta Trent Frederic 15 1 2 2
5 vs 5 Defense
Defense Defense Time % Phy DF OF
1 MacKenzie Weegar Noah Dobson 35 1 2 2
2 K'Andre Miller Owen Power 35 1 2 2
3 Alexander Romanov Alexander Alexeyev 30 1 2 2
4 MacKenzie Weegar Noah Dobson 0 1 2 2
PowerPlay Forward
Center Left Wing Right Wing Time % Phy DF OF
1 Logan Cooley Andrei Kuzmenko Seth Jarvis 50 1 2 2
2 Adam Fantilli Matthew Boldy Andrei Svechnikov 50 1 2 2
PowerPlay Defense
Defense Defense Time % Phy DF OF
1 MacKenzie Weegar Noah Dobson 50 1 2 2
2 K'Andre Miller Owen Power 50 1 2 2
Penalty Kill 4 Players Forward
Center Wing Time % Phy DF OF
1 Seth Jarvis Blake Wheeler 50 1 2 2
2 Andrei Svechnikov Andrei Kuzmenko 50 1 2 2
Penalty Kill 4 Players Defense
Defense Defense Time % Phy DF OF
1 MacKenzie Weegar Noah Dobson 50 1 2 2
2 K'Andre Miller Owen Power 50 1 2 2
Penalty Kill - 3 Players Forward
Forward Time % Phy DF OF
1 Seth Jarvis 50 1 2 2
2 Andrei Svechnikov 50 1 2 2
Penalty Kill - 3 Players Defense
Defense Defense Time % Phy DF OF
1 MacKenzie Weegar Noah Dobson 50 1 2 2
2 K'Andre Miller Owen Power 50 1 2 2
4 vs 4 Forward
Center Wing Time % Phy DF OF
1 Seth Jarvis Logan Cooley 50 1 2 2
2 Andrei Svechnikov Andrei Kuzmenko 50 1 2 2
4 vs 4 Defense
Defense Defense Time % Phy DF OF
1 MacKenzie Weegar Noah Dobson 50 1 2 2
2 K'Andre Miller Owen Power 50 1 2 2
Last Minutes Offensive
Center Left Wing Right Wing Defense Defense
Logan Cooley Matthew Boldy Seth Jarvis MacKenzie Weegar Noah Dobson
Last Minutes Defensive
Center Left Wing Right Wing Defense Defense
Logan Cooley Matthew Boldy Seth Jarvis MacKenzie Weegar Noah Dobson
Goaltenders
Starting : Andrei Vasilevskiy
Backup : Jonas Johansson
Extra Forwards
Normal : Trent Frederic, Seth Jarvis, Blake Wheeler - PP : Trent Frederic, Seth Jarvis - PK : Blake Wheeler
Extra Defensemen
Normal : MacKenzie Weegar, Noah Dobson, K'Andre Miller - PP : Noah Dobson - PK : MacKenzie Weegar, K'Andre Miller
Penalty Shots
Seth Jarvis, Trent Frederic, Andrei Svechnikov, Andrei Kuzmenko, Blake Wheeler
Scratches
Ryan Reaves (Healthy), Cooper Marody (Healthy), Jakub Zboril (Healthy), Alex Gallant (Healthy)
Quebec Nordiques
5 vs 5 Forward
Center Left Wing Right Wing Time % Phy DF OF
1 Matt Duchene Anthony Mantha Rickard Rakell 30 1 2 2
2 Shane Pinto Alex DeBrincat Nikolaj Ehlers 30 1 2 2
3 Marco Rossi Jonatan Berggren Cole Perfetti 25 1 2 2
4 Michael McCarron Luke Kunin Jordan Greenway 15 1 2 2
5 vs 5 Defense
Defense Defense Time % Phy DF OF
1 Brock Faber Mark Giordano 30 1 2 2
2 J.J. Moser Michael Anderson 30 1 2 2
3 Jonas Siegenthaler Alexandre Carrier 25 1 2 2
4 Brock Faber J.J. Moser 15 1 2 2
PowerPlay Forward
Center Left Wing Right Wing Time % Phy DF OF
1 Matt Duchene Alex DeBrincat Rickard Rakell 50 1 2 2
2 Shane Pinto Cole Perfetti Nikolaj Ehlers 50 1 2 2
PowerPlay Defense
Defense Defense Time % Phy DF OF
1 Brock Faber J.J. Moser 50 1 2 2
2 Alexandre Carrier Mark Giordano 50 1 2 2
Penalty Kill 4 Players Forward
Center Wing Time % Phy DF OF
1 Michael McCarron Jordan Greenway 50 1 2 2
2 Shane Pinto Luke Kunin 50 1 2 2
Penalty Kill 4 Players Defense
Defense Defense Time % Phy DF OF
1 Brock Faber Alexandre Carrier 50 1 2 2
2 J.J. Moser Michael Anderson 50 1 2 2
Penalty Kill - 3 Players Forward
Forward Time % Phy DF OF
1 Michael McCarron 50 1 2 2
2 Shane Pinto 50 1 2 2
Penalty Kill - 3 Players Defense
Defense Defense Time % Phy DF OF
1 Brock Faber Alexandre Carrier 50 1 2 2
2 J.J. Moser Michael Anderson 50 1 2 2
4 vs 4 Forward
Center Wing Time % Phy DF OF
1 Matt Duchene Rickard Rakell 50 1 2 2
2 Shane Pinto Alex DeBrincat 50 1 2 2
4 vs 4 Defense
Defense Defense Time % Phy DF OF
1 Brock Faber J.J. Moser 50 1 2 2
2 Michael Anderson Mark Giordano 50 1 2 2
Last Minutes Offensive
Center Left Wing Right Wing Defense Defense
Matt Duchene Anthony Mantha Rickard Rakell Brock Faber J.J. Moser
Last Minutes Defensive
Center Left Wing Right Wing Defense Defense
Shane Pinto Jordan Greenway Michael McCarron Brock Faber J.J. Moser
Goaltenders
Starting : Joseph Woll
Backup : Lukas Dostal
Extra Forwards
Normal : Marco Rossi, Cole Perfetti, Jonatan Berggren - PP : Marco Rossi, Anthony Mantha - PK : Matt Duchene
Extra Defensemen
Normal : Brock Faber, J.J. Moser, Mark Giordano - PP : Michael Anderson - PK : Mark Giordano, Jonas Siegenthaler
Penalty Shots
Alex DeBrincat, Rickard Rakell, Matt Duchene, Anthony Mantha, Nikolaj Ehlers
Scratches
Jakub Voracek (Healthy), Rem Pitlick (Healthy), Connor Brown (Healthy), Justin Holl (Healthy)
% Time on Ice - Los Angeles Kings
Lines # - Real PCT - Wanted PCT - Time Play
Normal Forward
1 - 31% - 30% - 15:12
2 - 30% - 30% - 15:04
3 - 23% - 25% - 11:23
4 - 16% - 15% - 7:59
Normal Defense
1 - 35% - 35% - 17:11
2 - 35% - 35% - 17:14
3 - 31% - 30% - 15:13
4 - 0% - 0% - 0:00
PP Forward
1 - 48% - 50% - 2:00
2 - 52% - 50% - 2:12
PP Defense
1 - 42% - 50% - 1:47
2 - 58% - 50% - 2:25
PK Forward
1 - 51% - 50% - 3:08
2 - 49% - 50% - 3:02
PK Defense
1 - 54% - 50% - 3:21
2 - 46% - 50% - 2:49
PK3 Forward
1 - 0% - 50%
2 - 0% - 50%
PK3 Defense
1 - 0% - 50%
2 - 0% - 50%
44 Forward
1 - 0% - 50%
2 - 0% - 50%
44 Defense
1 - 0% - 50%
2 - 0% - 50%
Last Minute Offensive - 0:00
Last Minute Defensive - 0:00
Total
Forward - 60:00
Defense - 60:00
|
% Time on Ice - Quebec Nordiques
Lines # - Real PCT - Wanted PCT - Time Play
Normal Forward
1 - 30% - 30% - 15:01
2 - 29% - 30% - 14:27
3 - 22% - 25% - 10:47
4 - 19% - 15% - 9:23
Normal Defense
1 - 29% - 30% - 14:17
2 - 31% - 30% - 15:20
3 - 27% - 25% - 13:16
4 - 14% - 15% - 6:45
PP Forward
1 - 52% - 50% - 3:13
2 - 48% - 50% - 2:57
PP Defense
1 - 48% - 50% - 2:58
2 - 52% - 50% - 3:12
PK Forward
1 - 54% - 50% - 2:16
2 - 46% - 50% - 1:56
PK Defense
1 - 57% - 50% - 2:24
2 - 43% - 50% - 1:48
PK3 Forward
1 - 0% - 50%
2 - 0% - 50%
PK3 Defense
1 - 0% - 50%
2 - 0% - 50%
44 Forward
1 - 0% - 50%
2 - 0% - 50%
44 Defense
1 - 0% - 50%
2 - 0% - 50%
Last Minute Offensive - 0:00
Last Minute Defensive - 0:00
Total
Forward - 60:00
Defense - 60:00
|
Play-by-Play
1st period
0:01 of 1st period - Matt Duchene wins face-off versus Logan Cooley in neutral zone.
0:32 of 1st period - Slapshot by Adam Fantilli.
0:32 of 1st period - Shot Misses the Net.
0:45 of 1st period - Off-side.
0:46 of 1st period - Michael Eyssimont wins face-off versus Marco Rossi in neutral zone.
1:11 of 1st period - Andrei Kuzmenko is hit by Nikolaj Ehlers.
1:15 of 1st period - Shane Pinto is hit by Michael Eyssimont and loses puck.
2:05 of 1st period - Snap shot by Matt Duchene.
2:05 of 1st period - Stopped by Andrei Vasilevskiy without a rebound.
2:06 of 1st period - Logan Cooley wins face-off versus Cole Perfetti in Los Angeles Kings zone.
2:33 of 1st period - J.J. Moser is hit by Michael Milne and loses puck.
2:56 of 1st period - Snap shot by Nikolaj Ehlers.
2:56 of 1st period - Shot Blocked by MacKenzie Weegar.
2:58 of 1st period - Minor Penalty to Blake Wheeler for Holding.
2:59 of 1st period - Seth Jarvis wins face-off versus Matt Duchene in Los Angeles Kings zone.
4:58 of 1st period - Penalty to Blake Wheeler is over, Blake Wheeler is back on ice.
5:01 of 1st period - Wrist shot by Andrei Kuzmenko.
5:01 of 1st period - Stopped by Joseph Woll with a rebound.
5:25 of 1st period - Alexander Romanov is hit by Michael Anderson and loses puck.
5:40 of 1st period - Jonas Siegenthaler is hit by Alexander Romanov and loses puck.
6:49 of 1st period - Jonatan Berggren is hit by Seth Jarvis.
7:04 of 1st period - Jonas Siegenthaler is hit by Michael Milne and loses puck.
7:51 of 1st period - Luke Kunin is hit by Adam Fantilli and loses puck.
8:10 of 1st period - Mark Giordano is hit by MacKenzie Weegar and loses puck.
8:25 of 1st period - Marco Rossi is hit by Blake Wheeler and loses puck.
9:14 of 1st period - Alexander Romanov is hit by Luke Kunin and loses puck.
9:50 of 1st period - Snap shot by Adam Fantilli.
9:50 of 1st period - Shot Misses the Net.
10:00 of 1st period - J.J. Moser is hit by Logan Cooley and loses puck.
10:19 of 1st period - Owen Power is hit by Alexandre Carrier and loses puck.
10:32 of 1st period - Snap shot by MacKenzie Weegar.
10:32 of 1st period - Shot Misses the Net.
10:52 of 1st period - Snap shot by Anthony Mantha.
10:52 of 1st period - Stopped by Andrei Vasilevskiy with a rebound.
10:54 of 1st period - Slapshot by Jonas Siegenthaler.
10:54 of 1st period - Shot Blocked by Noah Dobson.
11:23 of 1st period - Noah Dobson is hit by Jonatan Berggren and loses puck.
11:49 of 1st period - Snap shot by Michael Eyssimont.
11:49 of 1st period - Stopped by Joseph Woll without a rebound.
11:50 of 1st period - Shane Pinto wins face-off versus Logan Cooley in Quebec Nordiques zone.
11:55 of 1st period - Wrist shot by Nikolaj Ehlers.
11:55 of 1st period - Stopped by Andrei Vasilevskiy with a rebound.
12:01 of 1st period - Shane Pinto is hit by Seth Jarvis and loses puck.
12:16 of 1st period - Jonatan Berggren is hit by Adam Fantilli and loses puck.
12:58 of 1st period - J.J. Moser is hit by Seth Jarvis and loses puck.
13:57 of 1st period - Off-side.
13:58 of 1st period - Matt Duchene wins face-off versus Logan Cooley in neutral zone.
14:30 of 1st period - Snap shot by Rickard Rakell.
14:30 of 1st period - Shot Blocked by Noah Dobson.
14:43 of 1st period - Icing by J.J. Moser.
14:44 of 1st period - Adam Fantilli wins face-off versus Matt Duchene in Quebec Nordiques zone.
14:45 of 1st period - Snap shot by Andrei Svechnikov.
14:45 of 1st period - Goal by Andrei Svechnikov - Los Angeles Kings : 1 - Quebec Nordiques : 0.
14:46 of 1st period - Shane Pinto wins face-off versus Logan Cooley in neutral zone.
14:49 of 1st period - Wrist shot by Nikolaj Ehlers.
14:49 of 1st period - Stopped by Andrei Vasilevskiy with a rebound.
15:11 of 1st period - Brock Faber is hit by Owen Power and loses puck.
16:26 of 1st period - Slapshot by MacKenzie Weegar.
16:26 of 1st period - Shot Misses the Net.
16:44 of 1st period - Alexander Alexeyev is hit by Anthony Mantha and loses puck.
17:17 of 1st period - Wrist shot by Shane Pinto.
17:17 of 1st period - Stopped by Andrei Vasilevskiy without a rebound.
17:18 of 1st period - Logan Cooley wins face-off versus Shane Pinto in Los Angeles Kings zone.
17:25 of 1st period - Slapshot by Alex DeBrincat.
17:25 of 1st period - Stopped by Andrei Vasilevskiy with a rebound.
18:06 of 1st period - Wrist shot by Marco Rossi.
18:06 of 1st period - Shot Blocked by Michael Eyssimont.
18:22 of 1st period - Icing by Cole Perfetti.
18:23 of 1st period - Michael McCarron wins face-off versus Blake Wheeler in Quebec Nordiques zone.
18:28 of 1st period - Snap shot by Luke Kunin.
18:28 of 1st period - Shot Blocked by Owen Power.
18:30 of 1st period - Snap shot by Brock Faber.
18:30 of 1st period - Deflect By Blake Wheeler.
18:30 of 1st period - Stopped by Andrei Vasilevskiy without a rebound.
18:31 of 1st period - Shane Pinto wins face-off versus Logan Cooley in Los Angeles Kings zone.
18:41 of 1st period - Slapshot by Matthew Boldy.
18:41 of 1st period - Deflect By Logan Cooley.
18:41 of 1st period - Stopped by Joseph Woll with a rebound.
18:43 of 1st period - Slapshot by Logan Cooley.
18:43 of 1st period - Shot Misses the Net.
18:45 of 1st period - Wrist shot by Matthew Boldy.
18:45 of 1st period - Deflect By Seth Jarvis.
18:45 of 1st period - Goal by Seth Jarvis - Los Angeles Kings : 2 - Quebec Nordiques : 0.
18:46 of 1st period - Adam Fantilli wins face-off versus Shane Pinto in neutral zone.
18:51 of 1st period - Slapshot by K'Andre Miller.
18:51 of 1st period - Stopped by Joseph Woll with a rebound.
18:53 of 1st period - Snap shot by K'Andre Miller.
18:53 of 1st period - Shot Blocked by Mark Giordano.
19:13 of 1st period - Logan Cooley is hit by Anthony Mantha and loses puck.
19:53 of 1st period - Wrist shot by Blake Wheeler.
19:53 of 1st period - Shot Blocked by J.J. Moser.
19:55 of 1st period - Slapshot by Blake Wheeler.
19:55 of 1st period - Shot Misses the Net.
19:57 of 1st period - Slapshot by Alexander Romanov.
19:57 of 1st period - Stopped by Joseph Woll with a rebound.
19:59 of 1st period - Slapshot by Alexander Romanov.
19:59 of 1st period - Shot Hit the Post.
Goals for this period are 2 for Los Angeles Kings vs 0 for Quebec Nordiques.
Shots for this period are 7 for Los Angeles Kings vs 7 for Quebec Nordiques.
2nd period
0:01 of 2nd period - Shane Pinto wins face-off versus Adam Fantilli in neutral zone.
0:14 of 2nd period - Wrist shot by Andrei Svechnikov.
0:14 of 2nd period - Shot Misses the Net.
0:26 of 2nd period - MacKenzie Weegar is hit by Matt Duchene.
0:37 of 2nd period - Alexandre Carrier is hit by MacKenzie Weegar and loses puck.
0:48 of 2nd period - Andrei Kuzmenko is hit by Cole Perfetti and loses puck.
1:09 of 2nd period - Jordan Greenway is hit by K'Andre Miller and loses puck.
1:16 of 2nd period - Luke Kunin is hit by K'Andre Miller and loses puck.
2:45 of 2nd period - Off-side.
2:46 of 2nd period - Adam Fantilli wins face-off versus Michael McCarron in neutral zone.
2:49 of 2nd period - Slapshot by Andrei Svechnikov.
2:49 of 2nd period - Stopped by Joseph Woll with a rebound.
2:51 of 2nd period - Wrist shot by Michael Milne.
2:51 of 2nd period - Shot Blocked by Alexandre Carrier.
2:57 of 2nd period - Wrist shot by Adam Fantilli.
2:57 of 2nd period - Deflect By Alexandre Carrier.
2:57 of 2nd period - Shot Misses the Net.
2:57 of 2nd period - Puck is out of play.
2:58 of 2nd period - Adam Fantilli wins face-off versus Nikolaj Ehlers in Quebec Nordiques zone.
3:03 of 2nd period - Wrist shot by Adam Fantilli.
3:03 of 2nd period - Stopped by Joseph Woll with a rebound.
3:05 of 2nd period - Slapshot by MacKenzie Weegar.
3:05 of 2nd period - Stopped by Joseph Woll with a rebound.
3:07 of 2nd period - Wrist shot by Adam Fantilli.
3:07 of 2nd period - Stopped by Joseph Woll without a rebound.
3:08 of 2nd period - Adam Fantilli wins face-off versus Shane Pinto in Quebec Nordiques zone.
3:11 of 2nd period - Slapshot by Andrei Svechnikov.
3:11 of 2nd period - Shot Misses the Net.
3:17 of 2nd period - Snap shot by Adam Fantilli.
3:17 of 2nd period - Stopped by Joseph Woll with a rebound.
3:19 of 2nd period - Wrist shot by Andrei Svechnikov.
3:19 of 2nd period - Shot Misses the Net.
3:21 of 2nd period - Wrist shot by Michael Milne.
3:21 of 2nd period - Goal by Michael Milne - Los Angeles Kings : 3 - Quebec Nordiques : 0.
3:22 of 2nd period - Adam Fantilli wins face-off versus Matt Duchene in neutral zone.
3:24 of 2nd period - Off-side.
3:25 of 2nd period - Matt Duchene wins face-off versus Adam Fantilli in neutral zone.
3:30 of 2nd period - Snap shot by Rickard Rakell.
3:30 of 2nd period - Stopped by Andrei Vasilevskiy with a rebound.
4:17 of 2nd period - Wrist shot by Michael McCarron.
4:17 of 2nd period - Deflect By Luke Kunin.
4:17 of 2nd period - Shot Misses the Net.
4:17 of 2nd period - Puck is out of play.
4:18 of 2nd period - Michael Eyssimont wins face-off versus Michael McCarron in Los Angeles Kings zone.
4:18 of 2nd period - Michael Eyssimont is hit by Jonas Siegenthaler.
4:28 of 2nd period - Off-side.
4:29 of 2nd period - Matt Duchene wins face-off versus Adam Fantilli in neutral zone.
4:32 of 2nd period - Snap shot by Anthony Mantha.
4:32 of 2nd period - Stopped by Andrei Vasilevskiy with a rebound.
5:14 of 2nd period - Shane Pinto is hit by K'Andre Miller.
5:38 of 2nd period - Wrist shot by Cole Perfetti.
5:38 of 2nd period - Stopped by Andrei Vasilevskiy without a rebound.
5:39 of 2nd period - Marco Rossi wins face-off versus Adam Fantilli in Los Angeles Kings zone.
5:44 of 2nd period - Snap shot by Cole Perfetti.
5:44 of 2nd period - Stopped by Andrei Vasilevskiy with a rebound.
6:04 of 2nd period - Brock Faber is hit by Alexander Romanov and loses puck.
6:47 of 2nd period - Mark Giordano is hit by Michael Milne and loses puck.
6:52 of 2nd period - Snap shot by Adam Fantilli.
6:52 of 2nd period - Shot Misses the Net.
6:54 of 2nd period - Wrist shot by Alexander Alexeyev.
6:54 of 2nd period - Deflect By Brock Faber.
6:54 of 2nd period - Stopped by Joseph Woll without a rebound.
6:55 of 2nd period - Shane Pinto wins face-off versus Michael Eyssimont in Quebec Nordiques zone.
7:00 of 2nd period - Alexander Romanov is hit by Jonas Siegenthaler and loses puck.
8:06 of 2nd period - Off-side.
8:07 of 2nd period - Blake Wheeler wins face-off versus Matt Duchene in neutral zone.
8:20 of 2nd period - Wrist shot by Rickard Rakell.
8:20 of 2nd period - Stopped by Andrei Vasilevskiy with a rebound.
8:22 of 2nd period - Snap shot by Matt Duchene.
8:22 of 2nd period - Shot Blocked by K'Andre Miller.
8:32 of 2nd period - Alex DeBrincat is hit by Michael Eyssimont and loses puck.
9:02 of 2nd period - Minor Penalty to Adam Fantilli for Cross-checking.
9:03 of 2nd period - Shane Pinto wins face-off versus Andrei Svechnikov in Los Angeles Kings zone.
9:15 of 2nd period - Snap shot by Shane Pinto.
9:15 of 2nd period - Goal by Shane Pinto - Los Angeles Kings : 3 - Quebec Nordiques : 1.
9:16 of 2nd period - Matt Duchene wins face-off versus Logan Cooley in neutral zone.
10:08 of 2nd period - Slapshot by Andrei Kuzmenko.
10:08 of 2nd period - Stopped by Joseph Woll without a rebound.
10:09 of 2nd period - Shane Pinto wins face-off versus Adam Fantilli in Quebec Nordiques zone.
10:34 of 2nd period - Adam Fantilli is hit by Michael Anderson.
10:46 of 2nd period - Wrist shot by Adam Fantilli.
10:46 of 2nd period - Stopped by Joseph Woll with a rebound.
11:31 of 2nd period - Snap shot by Matthew Boldy.
11:31 of 2nd period - Deflect By Logan Cooley.
11:31 of 2nd period - Shot Misses the Net.
11:31 of 2nd period - Puck is out of play.
11:32 of 2nd period - Matt Duchene wins face-off versus Michael Eyssimont in Quebec Nordiques zone.
12:10 of 2nd period - Wrist shot by Blake Wheeler.
12:10 of 2nd period - Stopped by Joseph Woll without a rebound.
12:11 of 2nd period - Seth Jarvis wins face-off versus Marco Rossi in Quebec Nordiques zone.
12:14 of 2nd period - Slapshot by Seth Jarvis.
12:14 of 2nd period - Shot Blocked by Brock Faber.
12:22 of 2nd period - Snap shot by Marco Rossi.
12:22 of 2nd period - Stopped by Andrei Vasilevskiy without a rebound.
12:23 of 2nd period - Adam Fantilli wins face-off versus Shane Pinto in Los Angeles Kings zone.
12:36 of 2nd period - Snap shot by Nikolaj Ehlers.
12:36 of 2nd period - Shot Misses the Net.
12:57 of 2nd period - Snap shot by Andrei Kuzmenko.
12:57 of 2nd period - Shot Misses the Net.
13:07 of 2nd period - Slapshot by Alex DeBrincat.
13:07 of 2nd period - Stopped by Andrei Vasilevskiy with a rebound.
13:09 of 2nd period - Slapshot by Brock Faber.
13:09 of 2nd period - Deflect By Nikolaj Ehlers.
13:09 of 2nd period - Stopped by Andrei Vasilevskiy without a rebound.
13:10 of 2nd period - Logan Cooley wins face-off versus Matt Duchene in Los Angeles Kings zone.
13:30 of 2nd period - Minor Penalty to Alexandre Carrier for Tripping.
13:31 of 2nd period - Logan Cooley wins face-off versus Jordan Greenway in Quebec Nordiques zone.
13:44 of 2nd period - Wrist shot by Seth Jarvis.
13:44 of 2nd period - Goal by Seth Jarvis - Los Angeles Kings : 4 - Quebec Nordiques : 1.
13:45 of 2nd period - Adam Fantilli wins face-off versus Jonatan Berggren in neutral zone.
13:58 of 2nd period - Wrist shot by Cole Perfetti.
13:58 of 2nd period - Shot Blocked by Adam Fantilli.
14:00 of 2nd period - Wrist shot by Marco Rossi.
14:00 of 2nd period - Shot Misses the Net.
14:39 of 2nd period - Michael McCarron is hit by MacKenzie Weegar and loses puck.
15:10 of 2nd period - Snap shot by Adam Fantilli.
15:10 of 2nd period - Shot Blocked by Michael McCarron.
15:16 of 2nd period - Snap shot by Adam Fantilli.
15:16 of 2nd period - Shot Misses the Net.
15:34 of 2nd period - Wrist shot by Noah Dobson.
15:34 of 2nd period - Stopped by Joseph Woll without a rebound.
15:35 of 2nd period - Logan Cooley wins face-off versus Marco Rossi in Quebec Nordiques zone.
16:08 of 2nd period - Wrist shot by Anthony Mantha.
16:08 of 2nd period - Shot Misses the Net.
16:10 of 2nd period - Slapshot by Brock Faber.
16:10 of 2nd period - Stopped by Andrei Vasilevskiy with a rebound.
16:24 of 2nd period - Wrist shot by Trent Frederic.
16:24 of 2nd period - Shot Misses the Net.
16:26 of 2nd period - Wrist shot by Blake Wheeler.
16:26 of 2nd period - Shot Misses the Net.
16:28 of 2nd period - Slapshot by Alexander Romanov.
16:28 of 2nd period - Shot Misses the Net.
16:42 of 2nd period - Matthew Boldy is hit by Alexandre Carrier and loses puck.
17:10 of 2nd period - Icing by Michael Anderson.
17:11 of 2nd period - Matt Duchene wins face-off versus Logan Cooley in Quebec Nordiques zone.
17:18 of 2nd period - Snap shot by Matthew Boldy.
17:18 of 2nd period - Stopped by Joseph Woll with a rebound.
17:20 of 2nd period - Snap shot by MacKenzie Weegar.
17:20 of 2nd period - Deflect By Seth Jarvis.
17:20 of 2nd period - Stopped by Joseph Woll with a rebound.
17:22 of 2nd period - Wrist shot by Logan Cooley.
17:22 of 2nd period - Stopped by Joseph Woll with a rebound.
17:38 of 2nd period - Cole Perfetti is hit by Michael Eyssimont and loses puck.
18:16 of 2nd period - Off-side.
18:17 of 2nd period - Michael McCarron wins face-off versus Logan Cooley in neutral zone.
18:39 of 2nd period - Minor Penalty to Michael McCarron for Slashing.
18:40 of 2nd period - Shane Pinto wins face-off versus Adam Fantilli in Quebec Nordiques zone.
Goals for this period are 2 for Los Angeles Kings vs 1 for Quebec Nordiques.
Shots for this period are 15 for Los Angeles Kings vs 10 for Quebec Nordiques.
3rd period
0:01 of 3rd period - Shane Pinto wins face-off versus Adam Fantilli in neutral zone.
0:39 of 3rd period - Penalty to Michael McCarron is over, Michael McCarron is back on ice.
0:43 of 3rd period - Snap shot by Matthew Boldy.
0:43 of 3rd period - Stopped by Joseph Woll with a rebound.
0:45 of 3rd period - Snap shot by Matthew Boldy.
0:45 of 3rd period - Stopped by Joseph Woll without a rebound.
0:46 of 3rd period - Marco Rossi wins face-off versus Michael Eyssimont in Quebec Nordiques zone.
1:13 of 3rd period - Wrist shot by Nikolaj Ehlers.
1:13 of 3rd period - Stopped by Andrei Vasilevskiy without a rebound.
1:14 of 3rd period - Shane Pinto wins face-off versus Blake Wheeler in Los Angeles Kings zone.
1:17 of 3rd period - Snap shot by Nikolaj Ehlers.
1:17 of 3rd period - Stopped by Andrei Vasilevskiy with a rebound.
1:19 of 3rd period - Slapshot by Alexandre Carrier.
1:19 of 3rd period - Stopped by Andrei Vasilevskiy with a rebound.
1:33 of 3rd period - Wrist shot by Alex DeBrincat.
1:33 of 3rd period - Stopped by Andrei Vasilevskiy without a rebound.
1:34 of 3rd period - Matt Duchene wins face-off versus Logan Cooley in Los Angeles Kings zone.
1:56 of 3rd period - Icing by Matthew Boldy.
1:57 of 3rd period - Marco Rossi wins face-off versus Andrei Kuzmenko in Los Angeles Kings zone.
2:32 of 3rd period - Logan Cooley is hit by Anthony Mantha and loses puck.
3:05 of 3rd period - Slapshot by Noah Dobson.
3:05 of 3rd period - Deflect By Blake Wheeler.
3:05 of 3rd period - Shot Misses the Net.
3:05 of 3rd period - Puck is out of play.
3:06 of 3rd period - Michael McCarron wins face-off versus Blake Wheeler in Quebec Nordiques zone.
3:44 of 3rd period - Snap shot by Andrei Svechnikov.
3:44 of 3rd period - Shot Blocked by Jordan Greenway.
3:56 of 3rd period - Matthew Boldy is hit by J.J. Moser and loses puck.
4:12 of 3rd period - Alexander Alexeyev is hit by Jordan Greenway and loses puck.
4:17 of 3rd period - Wrist shot by Michael McCarron.
4:17 of 3rd period - Stopped by Andrei Vasilevskiy without a rebound.
4:18 of 3rd period - Anthony Mantha wins face-off versus Michael Eyssimont in Los Angeles Kings zone.
4:25 of 3rd period - Slapshot by MacKenzie Weegar.
4:25 of 3rd period - Shot Blocked by Brock Faber.
4:27 of 3rd period - Wrist shot by Andrei Kuzmenko.
4:27 of 3rd period - Stopped by Joseph Woll with a rebound.
4:29 of 3rd period - Snap shot by Andrei Kuzmenko.
4:29 of 3rd period - Stopped by Joseph Woll with a rebound.
4:31 of 3rd period - Slapshot by Andrei Kuzmenko.
4:31 of 3rd period - Stopped by Joseph Woll with a rebound.
4:53 of 3rd period - Wrist shot by Andrei Kuzmenko.
4:53 of 3rd period - Deflect By Marco Rossi.
4:53 of 3rd period - Stopped by Joseph Woll with a rebound.
4:55 of 3rd period - Slapshot by Noah Dobson.
4:55 of 3rd period - Stopped by Joseph Woll without a rebound.
4:56 of 3rd period - Adam Fantilli wins face-off versus Shane Pinto in Quebec Nordiques zone.
5:05 of 3rd period - Slapshot by Andrei Svechnikov.
5:05 of 3rd period - Stopped by Joseph Woll without a rebound.
5:06 of 3rd period - Adam Fantilli wins face-off versus Matt Duchene in Quebec Nordiques zone.
5:14 of 3rd period - Minor Penalty to Matt Duchene for Cross-checking.
5:15 of 3rd period - Logan Cooley wins face-off versus Shane Pinto in Quebec Nordiques zone.
5:17 of 3rd period - Snap shot by Logan Cooley.
5:17 of 3rd period - Stopped by Joseph Woll with a rebound.
5:19 of 3rd period - Wrist shot by Logan Cooley.
5:19 of 3rd period - Shot Misses the Net.
5:21 of 3rd period - Wrist shot by Seth Jarvis.
5:21 of 3rd period - Stopped by Joseph Woll without a rebound.
5:22 of 3rd period - Logan Cooley wins face-off versus Shane Pinto in Quebec Nordiques zone.
5:51 of 3rd period - Snap shot by Seth Jarvis.
5:51 of 3rd period - Shot Misses the Net.
5:53 of 3rd period - Slapshot by K'Andre Miller.
5:53 of 3rd period - Stopped by Joseph Woll without a rebound.
5:54 of 3rd period - Adam Fantilli wins face-off versus Shane Pinto in Quebec Nordiques zone.
6:25 of 3rd period - Snap shot by Shane Pinto.
6:25 of 3rd period - Deflect By Logan Cooley.
6:25 of 3rd period - Shot Blocked by Seth Jarvis.
6:25 of 3rd period - Puck is out of play.
6:26 of 3rd period - Shane Pinto wins face-off versus Adam Fantilli in Los Angeles Kings zone.
6:41 of 3rd period - Michael McCarron is hit by K'Andre Miller and loses puck.
7:14 of 3rd period - Penalty to Matt Duchene is over, Matt Duchene is back on ice.
7:32 of 3rd period - Wrist shot by Marco Rossi.
7:32 of 3rd period - Shot Blocked by MacKenzie Weegar.
7:34 of 3rd period - Slapshot by Michael Anderson.
7:34 of 3rd period - Stopped by Andrei Vasilevskiy without a rebound.
7:35 of 3rd period - Matt Duchene wins face-off versus Michael Eyssimont in Los Angeles Kings zone.
7:44 of 3rd period - Snap shot by J.J. Moser.
7:44 of 3rd period - Shot Misses the Net.
7:46 of 3rd period - Slapshot by J.J. Moser.
7:46 of 3rd period - Stopped by Andrei Vasilevskiy with a rebound.
7:48 of 3rd period - Wrist shot by Anthony Mantha.
7:48 of 3rd period - Shot Misses the Net.
7:50 of 3rd period - Snap shot by Michael Anderson.
7:50 of 3rd period - Shot Blocked by Alexander Alexeyev.
7:56 of 3rd period - Minor Penalty to Michael Eyssimont for Delaying the game.
7:57 of 3rd period - Seth Jarvis wins face-off versus Matt Duchene in Los Angeles Kings zone.
8:06 of 3rd period - Slapshot by Noah Dobson.
8:06 of 3rd period - Deflect By Blake Wheeler.
8:06 of 3rd period - Shot Misses the Net.
8:06 of 3rd period - Puck is out of play.
8:07 of 3rd period - Seth Jarvis wins face-off versus Matt Duchene in Quebec Nordiques zone.
8:14 of 3rd period - Snap shot by Blake Wheeler.
8:14 of 3rd period - Shot Blocked by Mark Giordano.
8:16 of 3rd period - Wrist shot by MacKenzie Weegar.
8:16 of 3rd period - Shot Misses the Net.
8:50 of 3rd period - Snap shot by Alex DeBrincat.
8:50 of 3rd period - Shot Blocked by Owen Power.
8:52 of 3rd period - Snap shot by Rickard Rakell.
8:52 of 3rd period - Stopped by Andrei Vasilevskiy with a rebound.
8:56 of 3rd period - Wrist shot by Rickard Rakell.
8:56 of 3rd period - Stopped by Andrei Vasilevskiy without a rebound.
8:57 of 3rd period - Cole Perfetti wins face-off versus Seth Jarvis in Los Angeles Kings zone.
9:56 of 3rd period - Penalty to Michael Eyssimont is over, Michael Eyssimont is back on ice.
10:12 of 3rd period - Snap shot by Luke Kunin.
10:12 of 3rd period - Stopped by Andrei Vasilevskiy with a rebound.
10:14 of 3rd period - Snap shot by Luke Kunin.
10:14 of 3rd period - Shot Misses the Net.
10:53 of 3rd period - Matt Duchene is hit by Adam Fantilli and loses puck.
11:12 of 3rd period - Snap shot by Adam Fantilli.
11:12 of 3rd period - Shot Misses the Net.
11:41 of 3rd period - Snap shot by Luke Kunin.
11:41 of 3rd period - Goal by Luke Kunin - Los Angeles Kings : 4 - Quebec Nordiques : 2.
11:42 of 3rd period - Shane Pinto wins face-off versus Logan Cooley in neutral zone.
12:49 of 3rd period - Snap shot by Alexander Romanov.
12:49 of 3rd period - Shot Misses the Net.
12:51 of 3rd period - Snap shot by Seth Jarvis.
12:51 of 3rd period - Shot Blocked by Michael Anderson.
12:53 of 3rd period - Slapshot by Alexander Alexeyev.
12:53 of 3rd period - Stopped by Joseph Woll without a rebound.
12:54 of 3rd period - Shane Pinto wins face-off versus Seth Jarvis in Quebec Nordiques zone.
13:00 of 3rd period - Off-side.
13:01 of 3rd period - Logan Cooley wins face-off versus Shane Pinto in neutral zone.
13:05 of 3rd period - Off-side.
13:06 of 3rd period - Logan Cooley wins face-off versus Shane Pinto in neutral zone.
13:32 of 3rd period - Matt Duchene is hit by Michael Milne and loses puck.
13:56 of 3rd period - Minor Penalty to Sampo Ranta for Holding.
13:57 of 3rd period - Shane Pinto wins face-off versus Andrei Svechnikov in Los Angeles Kings zone.
13:59 of 3rd period - Slapshot by Cole Perfetti.
13:59 of 3rd period - Shot Blocked by MacKenzie Weegar.
15:56 of 3rd period - Penalty to Sampo Ranta is over, Sampo Ranta is back on ice.
17:07 of 3rd period - Alex DeBrincat is hit by Owen Power and loses puck.
19:29 of 3rd period - Icing by Seth Jarvis.
19:30 of 3rd period - Jonatan Berggren wins face-off versus Seth Jarvis in Los Angeles Kings zone.
Goals for this period are 0 for Los Angeles Kings vs 1 for Quebec Nordiques.
Shots for this period are 12 for Los Angeles Kings vs 11 for Quebec Nordiques.
Back to the Top